[Event "GER-ch Youth-U12 2024"]
[Site "Willingen"]
[Date "2024.05.21"]
[Round "4"]
[White "Prashanthakumar, Arnesh"]
[Black "Noll, Raphael"]
[Result "0-1"]
[ECO "C55"]
[WhiteElo "1634"]
[BlackElo "1775"]
[Annotator "NA RC"]
[PlyCount "100"]
[EventDate "2022.06.05"]
[EventType "swiss"]
[EventRounds "9"]
[EventCountry "GER"]
[SourceTitle "playchess.com"]
[Source "ChessBase"]
[SourceQuality "1"]
[TimeControl "40/4500+30:900+30"]

1. e4 e5 2. Bc4 Nf6 3. Nc3 Nc6 4. Nf3 Nxe4 5. Nxe4 d5 6. Bd3 dxe4 7. Bxe4 Bg4 8. d3 Qd7 9. Be3 Bd6 10. Qe2 f5 11. Bxc6 Qxc6 12. h3 Bxf3 13. gxf3 Bb4+ 14. Bd2 Bxd2+ 15. Kxd2 Qd5 16. Rae1 O-O-O 17. Qxe5 Qxf3 18. Qe3 Qxe3+ 19. Rxe3 Rhe8 20. Rf3 Re5 21. Rg1 g6 22. Rg5 Kd7 23. h4 Ke6 24. Re3 Kf6 25. Rxe5 Kxe5 26. Ke3 Kf6 27. Rg1 c5 28. c3 h6 29. d4 cxd4+ 30. cxd4 Rc8 31. Kd3 Rc7 32. Re1 g5 33. hxg5+ hxg5 34. d5 Re7 35. Rh1 Ke5 36. Rh5 g4 37. a3 b5 38. Ke3 Rd7 39. Rh6 f4+ 40. Ke2 Rxd5 41. Ra6 Rd7 42. Ra5 Rb7 43. a4 Ke4 44. axb5 f3+ 45. Kd2 Rd7+ 46. Kc2 g3 47. fxg3 Rf7 48. Ra1 f2 49. Rf1 Ke3 50. Kd1 Rd7+ 0-1

[Event "GER-ch Youth-U12 2024"]
[Site "Willingen"]
[Date "2024.05.21"]
[Round "4"]
[White "Heins, Simon"]
[Black "Franke, Moritz"]
[Result "1-0"]
[ECO "B39"]
[WhiteElo "1626"]
[BlackElo "1597"]
[Annotator "NA RC"]
[PlyCount "108"]
[EventDate "2022.06.05"]
[EventType "swiss"]
[EventRounds "9"]
[EventCountry "GER"]
[SourceTitle "playchess.com"]
[Source "ChessBase"]
[SourceQuality "1"]
[TimeControl "40/4500+30:900+30"]

1. e4 c5 2. Nf3 Nc6 3. d4 cxd4 4. Nxd4 g6 5. c4 Bg7 6. Be3 Nf6 7. Nc3 Ng4 8. Qxg4 Nxd4 9. Qd1 e5 10. Be2 O-O 11. O-O d6 12. Qd2 Be6 13. Rfd1 Qc7 14. Bxd4 exd4 15. Nb5 Qc5 16. Rac1 a6 17. Nxd4 Bxd4 18. Qxd4 Rfd8 19. Rc2 Rac8 20. b3 Qxd4 21. Rxd4 Rd7 22. Rcd2 Rcd8 23. g4 Kg7 24. f4 f5 25. gxf5 gxf5 26. exf5 Bxf5 27. Kf2 Kf6 28. Bf3 h6 29. Be4 Bxe4 30. Rxe4 Kf5 31. Red4 Ke6 32. Kf3 Rf7 33. Re2+ Kf6 34. Rde4 d5 35. Re6+ Kg7 36. Rg2+ Kf8 37. Rxh6 d4 38. Rh8+ Ke7 39. Rxd8 Kxd8 40. Rd2 Rd7 41. Ke4 Kc7 42. Rxd4 Re7+ 43. Kf3 Kc6 44. Rd5 b5 45. Re5 Rd7 46. cxb5+ axb5 47. f5 Kd6 48. Rxb5 Kc6 49. a4 Rd3+ 50. Kg4 Rd2 51. h4 Rd6 52. Re5 Rd4+ 53. Kg5 Kd6 54. Re3 Kd5 1-0

[Event "GER-ch Youth-U12 2024"]
[Site "Willingen"]
[Date "2024.05.21"]
[Round "4"]
[White "Schmidt, Jossip"]
[Black "Balashvili, Amiran"]
[Result "1-0"]
[ECO "C50"]
[WhiteElo "1603"]
[BlackElo "1682"]
[Annotator "NA RC"]
[PlyCount "133"]
[EventDate "2022.06.05"]
[EventType "swiss"]
[EventRounds "9"]
[EventCountry "GER"]
[SourceTitle "playchess.com"]
[Source "ChessBase"]
[SourceQuality "1"]
[TimeControl "40/4500+30:900+30"]

1. e4 e5 2. Nf3 Nc6 3. Bc4 Bc5 4. d3 h6 5. Nc3 d6 6. h3 Nf6 7. Bd2 a6 8. a4 Be6 9. Nd5 O-O 10. g4 Bxd5 11. Bxd5 Nxd5 12. exd5 Nd4 13. h4 Qf6 14. Nxd4 exd4 15. Kf1 Qg6 16. f4 f5 17. Rg1 fxg4 18. Rxg4 Qf5 19. Qf3 c6 20. Qg2 Kh8 21. dxc6 bxc6 22. Rxg7 Rg8 23. Rxg8+ Rxg8 24. Qh2 Rg4 25. Kf2 Qf6 26. Rh1 h5 27. Kf3 Kh7 28. Be1 Qe6 29. Bd2 Qd5+ 30. Kf2 Qa2 31. Rg1 Qxb2 32. Rxg4 hxg4 33. Qg2 Qxc2 34. Qe4+ Kh8 35. Qe8+ Kg7 36. Qe7+ Kg8 37. Qe6+ Kh8 38. Ke2 Bb4 39. Qc8+ Kh7 40. Qb7+ Kh6 41. Qxb4 Kh5 42. Qxd6 g3 43. Qxd4 Kg4 44. f5+ Kh3 45. f6 Qa2 46. Qd7+ Kh2 47. f7 g2 48. Qd6+ Kh1 49. f8=Q g1=Q 50. Qf3+ Qg2+ 51. Qxg2+ Kxg2 52. Qxc6+ Kg3 53. Qc7+ Kxh4 54. Qc4+ Qxc4 55. dxc4 Kg4 56. Kd3 Kf5 57. Kd4 Ke6 58. Bf4 Kd7 59. Kd5 a5 60. c5 Kd8 61. Kd6 Kc8 62. c6 Kd8 63. c7+ Kc8 64. Bh6 Kb7 65. Kd7 Ka7 66. Be3+ Kb7 67. c8=Q# 1-0

[Event "GER-ch Youth-U12 2024"]
[Site "Willingen"]
[Date "2024.05.21"]
[Round "4"]
[White "Rinke, Alexander"]
[Black "König, Lian"]
[Result "1-0"]
[ECO "C77"]
[WhiteElo "1596"]
[BlackElo "1180"]
[Annotator "NA"]
[PlyCount "35"]
[EventDate "2022.06.05"]
[EventType "swiss"]
[EventRounds "9"]
[EventCountry "GER"]
[SourceTitle "playchess.com"]
[Source "ChessBase"]
[SourceQuality "1"]
[TimeControl "40/4500+30:900+30"]

1. e4 e5 2. Nf3 Nc6 3. Bb5 a6 4. Ba4 b5 5. Bb3 Nf6 6. d3 d6 7. Ng5 d5 8. exd5 Nxd5 9. Qf3 Be6 10. Nxe6 fxe6 11. O-O Qd7 12. Nd2 Nf6 13. a4 b4 14. a5 Nd5 15. Ba4 Nde7 16. Nc4 O-O-O 17. Nxe5 Kb7 18. Nxd7 1-0

[Event "GER-ch Youth-U12 2024"]
[Site "Willingen"]
[Date "2024.05.21"]
[Round "4"]
[White "Moskalenko, Michael"]
[Black "Lanert, Theodor"]
[Result "1-0"]
[ECO "E94"]
[WhiteElo "1574"]
[BlackElo "1742"]
[Annotator "NA RC"]
[PlyCount "67"]
[EventDate "2022.06.05"]
[EventType "swiss"]
[EventRounds "9"]
[EventCountry "GER"]
[SourceTitle "playchess.com"]
[Source "ChessBase"]
[SourceQuality "1"]
[TimeControl "40/4500+30:900+30"]

1. d4 Nf6 2. c4 g6 3. Nc3 Bg7 4. e4 d6 5. Nf3 O-O 6. Be2 e5 7. O-O Na6 8. Be3 Qe7 9. d5 Nc5 10. Qc2 a5 11. Ne1 Ne8 12. Nd3 Na6 13. a3 f5 14. f3 f4 15. Bf2 g5 16. b4 h5 17. c5 g4 18. Na4 g3 19. hxg3 fxg3 20. Bxg3 Qg5 21. Bh2 dxc5 22. b5 Nb8 23. Ndxc5 Bh6 24. Bc4 Nd6 25. Ne6 Qe3+ 26. Kh1 Rf7 27. Bxe5 h4 28. Bxd6 cxd6 29. Rfe1 Qd2 30. Qxd2 Bxd2 31. Re2 Bc3 32. Nxc3 Bxe6 33. dxe6 Rc7 34. e7+ 1-0

[Event "GER-ch Youth-U12 2024"]
[Site "Willingen"]
[Date "2024.05.21"]
[Round "4"]
[White "Grabowski, Joshua"]
[Black "Doeding, Alexander"]
[Result "0-1"]
[ECO "C42"]
[WhiteElo "1532"]
[BlackElo "1633"]
[Annotator "NA RC"]
[PlyCount "100"]
[EventDate "2022.06.05"]
[EventType "swiss"]
[EventRounds "9"]
[EventCountry "GER"]
[SourceTitle "playchess.com"]
[Source "ChessBase"]
[SourceQuality "1"]
[TimeControl "40/4500+30:900+30"]

1. e4 e5 2. Nf3 Nf6 3. Nxe5 Nc6 4. Nxc6 dxc6 5. Nc3 Bc5 6. Be2 Qd4 7. O-O Nxe4 8. Nxe4 Qxe4 9. Bf3 Qg6 10. Re1+ Be6 11. d4 O-O-O 12. c3 Bd6 13. b4 Kb8 14. Be4 Qf6 15. Qh5 h6 16. Qa5 Rde8 17. Bd2 Bc4 18. a4 g6 19. b5 c5 20. dxc5 Bxc5 21. Be3 b6 22. Qa6 Rxe4 23. Bxc5 Qxc3 24. Rec1 Rhe8 25. Be3 Rxe3 26. fxe3 Qxe3+ 27. Kh1 Bd5 28. a5 Bb7 29. axb6 Bxa6 30. bxa7+ Ka8 31. bxa6 c5 32. h3 Kxa7 33. Rc2 Qg3 34. Rxc5 Re1+ 35. Rxe1 Qxe1+ 36. Kh2 Kxa6 37. Rc2 Kb5 38. g3 Qe4 39. Rf2 f5 40. h4 Kc5 41. Kg1 g5 42. hxg5 hxg5 43. Kh2 Kd5 44. Kg1 f4 45. gxf4 gxf4 46. Kf1 Qh1+ 47. Ke2 Ke4 48. Rf1 f3+ 49. Kf2 Qg2+ 50. Ke1 Qe2# 0-1

[Event "GER-ch Youth-U12 2024"]
[Site "Willingen"]
[Date "2024.05.21"]
[Round "4"]
[White "Kaza, Charith"]
[Black "Sun, Christopher"]
[Result "0-1"]
[ECO "C01"]
[WhiteElo "1503"]
[BlackElo "1714"]
[Annotator "NA RC"]
[PlyCount "76"]
[EventDate "2022.06.05"]
[EventType "swiss"]
[EventRounds "9"]
[EventCountry "GER"]
[SourceTitle "playchess.com"]
[Source "ChessBase"]
[SourceQuality "1"]
[TimeControl "40/4500+30:900+30"]

1. e4 e6 2. d4 d5 3. exd5 exd5 4. Qf3 Nf6 5. h3 h6 6. Bd3 Bd6 7. Bf4 O-O 8. Nd2 Nc6 9. c3 Re8+ 10. Ne2 b6 11. O-O-O Bb7 12. g4 Bxf4 13. Qxf4 Qd6 14. Qf3 Nd8 15. h4 Ne4 16. Qg2 c5 17. f3 Nxd2 18. Rxd2 Ne6 19. Bc2 Nf4 20. Nxf4 Qxf4 21. Kb1 Re3 22. Rf1 Rae8 23. Bd1 Ba6 24. Rg1 Bd3+ 25. Ka1 Re1 26. Rxe1 Rxe1 27. a3 Bc4 28. Kb1 Bb3 29. Qf2 Rxd1+ 30. Rxd1 Bxd1 31. dxc5 bxc5 32. Qxc5 Qxf3 33. Qxa7 Qd3+ 34. Ka1 Qd2 35. Qd7 Bc2 36. Qxd5 Qxd5 37. c4 Qh1+ 38. Ka2 Qb1# 0-1

[Event "GER-ch Youth-U12 2024"]
[Site "Willingen"]
[Date "2024.05.21"]
[Round "4"]
[White "Fass, Ben"]
[Black "Yozgyur, Ediz"]
[Result "0-1"]
[ECO "B22"]
[WhiteElo "1027"]
[BlackElo "1789"]
[Annotator "NA RC"]
[PlyCount "108"]
[EventDate "2022.06.05"]
[EventType "swiss"]
[EventRounds "9"]
[EventCountry "GER"]
[SourceTitle "playchess.com"]
[Source "ChessBase"]
[SourceQuality "1"]
[TimeControl "40/4500+30:900+30"]

1. e4 c5 2. c3 d5 3. exd5 Qxd5 4. d4 g6 5. Be3 cxd4 6. Bxd4 e5 7. Qe2 Nc6 8. Nf3 Bg7 9. h3 Nf6 10. Bxe5 Nxe5 11. Nxe5 O-O 12. c4 Qa5+ 13. Nc3 Re8 14. f4 Nd7 15. O-O-O Nxe5 16. fxe5 Bxe5 17. Qe3 Be6 18. Be2 Bxc3 19. Qxc3 Qxa2 20. Qa3 Bxc4 21. Bxc4 Qxc4+ 22. Qc3 Qf4+ 23. Qd2 Rac8+ 24. Kb1 Qf5+ 25. Qd3 Qxd3+ 26. Rxd3 Re2 27. Rg1 Rcc2 28. Rb3 b6 29. g4 Rh2 30. Rd1 Rcd2 31. Rc1 Rd7 32. Rbc3 a6 33. R1c2 Rxc2 34. Kxc2 Rd6 35. Rc8+ Kg7 36. Kc3 Rd5 37. Rc6 Rc5+ 38. Rxc5 bxc5 39. Kc4 f5 40. Kxc5 f4 41. Kd4 g5 42. Ke4 Kf6 43. h4 h6 44. hxg5+ hxg5 45. Kf3 Ke5 46. b3 a5 47. Kf2 Ke4 48. Ke2 f3+ 49. Kf2 Kf4 50. Kf1 Kg3 51. Kg1 f2+ 52. Kf1 Kf3 53. b4 a4 54. b5 a3 0-1

[Event "GER-ch Youth-U12 2024"]
[Site "Willingen"]
[Date "2024.05.21"]
[Round "4"]
[White "Schellinger, Florian"]
[Black "Hagn, Tobias"]
[Result "0-1"]
[ECO "C77"]
[WhiteElo "863"]
[BlackElo "1631"]
[Annotator "NA RC"]
[PlyCount "52"]
[EventDate "2022.06.05"]
[EventType "swiss"]
[EventRounds "9"]
[EventCountry "GER"]
[SourceTitle "playchess.com"]
[Source "ChessBase"]
[SourceQuality "1"]
[TimeControl "40/4500+30:900+30"]

1. e4 e5 2. Nf3 Nc6 3. Bb5 a6 4. Ba4 Bc5 5. Nc3 b5 6. Bb3 Nf6 7. d3 h6 8. Bd5 Nxd5 9. Nxd5 d6 10. h3 O-O 11. O-O f5 12. exf5 Bxf5 13. Nd2 Qh4 14. Qf3 Nd4 15. Qe3 Nxc2 16. Qe2 Nxa1 17. Nf3 Qd8 18. Ne1 Be6 19. Nc3 Bb6 20. Qh5 Rf5 21. Qg6 Qf6 22. Qg4 Rxf2 23. Qg3 Rxf1+ 24. Kh2 Rh1+ 25. Kxh1 Qf1+ 26. Kh2 Qg1# 0-1

[Event "GER-ch Youth-U12 2024"]
[Site "Willingen"]
[Date "2024.05.22"]
[Round "5"]
[White "Belin, Anton"]
[Black "Shevchenko, Igor"]
[Result "1-0"]
[ECO "B10"]
[WhiteElo "1948"]
[BlackElo "1758"]
[Annotator "RC"]
[PlyCount "43"]
[EventDate "2022.06.05"]
[EventType "swiss"]
[EventRounds "9"]
[EventCountry "GER"]
[SourceTitle "playchess.com"]
[Source "ChessBase"]
[SourceQuality "1"]
[TimeControl "40/4500+30:900+30"]

1. e4 c6 2. Nf3 d5 3. exd5 cxd5 4. Ne5 Nc6 5. Bb5 Bd7 6. Bxc6 bxc6 7. d4 Nf6 8. O-O e6 9. c3 Be7 10. Re1 h6 11. Nd2 Qb6 12. Ndf3 Bc8 13. Qc2 O-O 14. h3 Rd8 15. Bf4 Bb7 16. Re3 c5 17. Nxf7 Kxf7 18. Ne5+ Kg8 19. Qg6 Bf8 20. Rg3 Ne4 21. Qf7+ Kh7 22. Rg6 1-0

[Event "GER-ch Youth-U12 2024"]
[Site "Willingen"]
[Date "2024.05.22"]
[Round "5"]
[White "Li, Yunqi"]
[Black "Zhang, Yibo"]
[Result "1/2-1/2"]
[ECO "A85"]
[WhiteElo "1940"]
[BlackElo "1988"]
[Annotator "NA RC"]
[PlyCount "98"]
[EventDate "2022.06.05"]
[EventType "swiss"]
[EventRounds "9"]
[EventCountry "GER"]
[SourceTitle "playchess.com"]
[Source "ChessBase"]
[SourceQuality "1"]
[TimeControl "40/4500+30:900+30"]

1. d4 d5 2. c4 e6 3. Nc3 c6 4. e3 Bd6 5. Nf3 f5 6. Ne5 Nf6 7. Qc2 O-O 8. Bd3 Nbd7 9. f4 Ne4 10. O-O Ndf6 {[%emt 0:16:08] A85: Dutch Defence: 2 c4 Nf6 3 Nc3.} 11. Bd2 Qe8 12. Be2 b6 13. b3 Bb7 14. Bf3 Rc8 15. Nxe4 Nxe4 16. Bc1 Qe7 17. Bb2 c5 18. Rac1 cxd4 19. exd4 dxc4 20. bxc4 Nf6 21. Qe2 Bxf3 22. Qxf3 Ne4 23. Rfd1 Rfd8 24. h3 Qh4 25. Bc3 {[%emt 0:06:56] [#]} (25. Rc2 $11) 25... Bxe5 (25... g5 $1 $17 26. fxg5 Qxg5) 26. fxe5 Qe7 27. Bb2 Qb7 28. Qb3 h6 29. a4 Rc6 30. d5 exd5 31. cxd5 Rxc1 32. Bxc1 Kh8 33. Bb2 Qe7 34. d6 Qh4 35. Qf3 Qg5 $2 (35... Nc5 36. a5 (36. Qxf5 Qxa4 37. Qf3 Qb5 $16) 36... Qc4 37. axb6 (37. Qxf5 Qb3 $18) 37... axb6 38. Qxf5 Qe2) 36. Ba3 Qg6 37. d7 Qe6 38. Qd3 Qxe5 39. Rc1 ({White should play} 39. Qc4 $11) 39... Nc5 40. Bxc5 bxc5 41. Rd1 f4 $11 42. Kh1 Qe6 43. Qb5 f3 44. Qxc5 fxg2+ 45. Kh2 Qe2 46. Rg1 Qe6 47. Rd1 g1=Q+ 48. Kxg1 Qxh3 49. Qe7 Qg3+ 1/2-1/2

[Event "GER-ch Youth-U12 2024"]
[Site "Willingen"]
[Date "2024.05.22"]
[Round "5"]
[White "Stehning, Toni"]
[Black "Junge, Mattheo Gabriel"]
[Result "0-1"]
[ECO "B07"]
[WhiteElo "1821"]
[BlackElo "1817"]
[Annotator "NA RC"]
[PlyCount "104"]
[EventDate "2022.06.05"]
[EventType "swiss"]
[EventRounds "9"]
[EventCountry "GER"]
[SourceTitle "playchess.com"]
[Source "ChessBase"]
[SourceQuality "1"]
[TimeControl "40/4500+30:900+30"]

1. e4 c6 2. Nc3 g6 3. Bc4 Bg7 4. d4 d6 5. Nge2 Nf6 6. Bg5 O-O 7. Qd2 Nbd7 8. f4 b5 9. Bd3 h6 10. Bh4 e5 11. Bxf6 Qxf6 12. d5 exf4 13. O-O b4 14. Nd1 cxd5 15. Rxf4 Qe5 16. Qxb4 Rb8 17. Qa3 dxe4 18. Rxe4 Qc5+ 19. Qxc5 Nxc5 20. Re7 Bxb2 21. Nxb2 Rxb2 22. Nc3 Nxd3 23. cxd3 Bf5 24. Rxa7 Rfb8 25. Ne4 Bxe4 26. dxe4 Re2 27. Rf1 Rbb2 28. Rfxf7 Rxg2+ 29. Kf1 Rgc2 30. Kg1 Rg2+ 31. Kf1 Rxh2 32. Kg1 Rhg2+ 33. Kh1 Rh2+ 34. Kg1 Rbg2+ 35. Kf1 Rb2 36. Kg1 Rhc2 37. a4 Rc1+ 38. Rf1 Rxf1+ 39. Kxf1 Ra2 40. a5 h5 41. a6 h4 42. Ra8+ Kg7 43. a7 h3 44. Kg1 g5 45. Rd8 Rxa7 46. Rxd6 g4 47. e5 g3 48. Rd1 Kg6 49. e6 Kg5 50. Re1 Kg4 51. Re4+ Kf3 52. Re1 h2+ 0-1

[Event "GER-ch Youth-U12 2024"]
[Site "Willingen"]
[Date "2024.05.22"]
[Round "5"]
[White "Peglau, Paul David"]
[Black "Chua, Daniel James"]
[Result "1-0"]
[ECO "D41"]
[WhiteElo "1806"]
[BlackElo "1751"]
[Annotator "NA RC"]
[PlyCount "191"]
[EventDate "2022.06.05"]
[EventType "swiss"]
[EventRounds "9"]
[EventCountry "GER"]
[SourceTitle "playchess.com"]
[Source "ChessBase"]
[SourceQuality "1"]
[TimeControl "40/4500+30:900+30"]

1. d4 Nf6 2. Nf3 e6 3. g3 d5 4. Bg2 c5 5. c4 Nc6 6. O-O Be7 7. Nc3 O-O 8. cxd5 Nxd5 9. Nxd5 exd5 10. dxc5 Bxc5 11. b3 Re8 12. Bb2 d4 13. Rc1 Bb6 14. Qd2 Bf5 15. Rfd1 Qe7 16. Nxd4 Bxd4 17. Bxd4 Qxe2 18. Qg5 Nxd4 19. Rxd4 Be4 20. Bxe4 Rxe4 21. Rd7 Rae8 22. Qf5 R4e7 23. Rcc7 Rxd7 24. Rxd7 Rf8 25. Qa5 b5 26. Qxa7 Re8 27. Rxf7 Qd1+ 28. Kg2 Qd5+ 29. Rf3 Rf8 30. Qe3 b4 31. g4 Qa8 32. Kg3 Qb8+ 33. Kh3 Re8 34. Qf4 Qb7 35. Qc4+ Kh8 36. Rf7 Qb6 37. Qf4 Qc5 38. Rc7 Qd5 39. Kg3 Rg8 40. Rf7 Qc5 41. h4 Qc3+ 42. Kg2 Qc5 43. Qc4 Qb6 44. Rf4 Rb8 45. g5 Qa5 46. Qe4 Qb5 47. Rf5 Qa6 48. Qf4 Qc6+ 49. Kh2 Qe8 50. Qe5 Qg8 51. h5 Re8 52. Qd5 Re2 53. Qxg8+ Kxg8 54. Kg3 Rxa2 55. Rb5 Ra3 56. Rxb4 Kf7 57. Kf4 h6 58. Rb7+ Kf8 59. gxh6 gxh6 60. b4 Ra6 61. Kf5 Kg8 62. f4 Rc6 63. b5 Rd6 64. b6 Rc6 65. Ke5 Rc5+ 66. Kd6 Rxh5 67. Kc7 Rf5 68. Rb8+ Kg7 69. b7 Rxf4 70. Ra8 Rb4 71. b8=Q Rxb8 72. Rxb8 Kf6 73. Rb5 Kg6 74. Kd6 Kf6 75. Ra5 Kg6 76. Ke6 h5 77. Rb5 h4 78. Ra5 h3 79. Ra3 h2 80. Rh3 h1=B 81. Rxh1 Kg5 82. Rf1 Kg4 83. Ke5 Kg3 84. Ke4 Kg2 85. Rf8 Kg3 86. Rf7 Kg2 87. Ke3 Kg1 88. Ke2 Kg2 89. Rg7+ Kh3 90. Kf3 Kh4 91. Rg1 Kh5 92. Kf4 Kh6 93. Kf5 Kh7 94. Kf6 Kh8 95. Kf7 Kh7 96. Rh1# 1-0

[Event "GER-ch Youth-U12 2024"]
[Site "Willingen"]
[Date "2024.05.22"]
[Round "5"]
[White "Vartanian, Roman"]
[Black "Bundan, Edward"]
[Result "1-0"]
[ECO "E16"]
[WhiteElo "1797"]
[BlackElo "1897"]
[Annotator "NA RC"]
[PlyCount "129"]
[EventDate "2022.06.05"]
[EventType "swiss"]
[EventRounds "9"]
[EventCountry "GER"]
[SourceTitle "playchess.com"]
[Source "ChessBase"]
[SourceQuality "1"]
[TimeControl "40/4500+30:900+30"]

1. d4 Nf6 2. c4 e6 3. Nf3 Bb4+ 4. Bd2 a5 5. g3 b6 6. Bg2 Bb7 7. O-O O-O 8. a3 Bxd2 9. Nbxd2 d6 10. Qc2 Qe7 11. e4 {[%emt 0:00:00] E16: Queen's Indian: 4 g3 Bb7 5 Bg2 Bb4+.} e5 12. b4 axb4 13. axb4 Nbd7 14. Rab1 Rfb8 15. Rfc1 c5 16. dxc5 bxc5 17. b5 Nb6 18. Nh4 g6 19. Nf1 Ra4 20. Ne3 Rba8 21. f3 Ne8 22. Bf1 Ng7 23. Nd5 Bxd5 24. cxd5 Qa7 25. Ng2 f5 26. Ne3 fxe4 27. fxe4 Ra2 28. Rb2 Rxb2 29. Qxb2 Ne8 30. Nc4 Nxc4 31. Bxc4 Qb6 32. Ra1 Rxa1+ 33. Qxa1 Nc7 34. Kg2 Kg7 35. Qb2 Ne8 36. Bd3 Nc7 37. Qa1 Kg8 38. Bc4 Kg7 39. g4 Kg8 40. g5 Kg7 41. h4 Kg8 42. h5 gxh5 43. Kg3 Kg7 44. Kh4 Qb8 45. Qf1 Ne8 46. Kxh5 Qb7 47. Qf5 Qa7 48. Qe6 Kf8 49. Qh6+ Kg8 50. g6 Ng7+ 51. Kh4 hxg6 52. Qxg6 $11 Qa1 53. Kg5 Qg1+ 54. Kf6 Qf2+ 55. Ke7 Qf8+ 56. Kd7 Qa8 57. Qxd6 Qe8+ 58. Kc7 Qf7+ 59. Qd7 Ne8+ 60. Kc8 Qg6 61. Qe6+ Qxe6+ 62. dxe6 Nd6+ 63. Kd7 Nxc4 64. e7 Nb6+ 65. Kd8 1-0

[Event "GER-ch Youth-U12 2024"]
[Site "Willingen"]
[Date "2024.05.22"]
[Round "5"]
[White "Fischermann, Simon"]
[Black "Gersemann, Karl"]
[Result "0-1"]
[ECO "C54"]
[WhiteElo "1789"]
[BlackElo "1729"]
[Annotator "NA RC"]
[PlyCount "38"]
[EventDate "2022.06.05"]
[EventType "swiss"]
[EventRounds "9"]
[EventCountry "GER"]
[SourceTitle "playchess.com"]
[Source "ChessBase"]
[SourceQuality "1"]
[TimeControl "40/4500+30:900+30"]

1. e4 e5 2. Nf3 Nc6 3. Bc4 Bc5 4. c3 Nf6 5. d3 O-O 6. a4 a5 7. O-O d5 8. exd5 Nxd5 9. h3 Nb6 10. Ba2 Bf5 11. Re1 Qd6 12. Nxe5 Bxf2+ 13. Kxf2 Nxe5 14. Kg1 Nxd3 15. Rf1 Qc5+ 16. Kh2 Bg6 17. Nd2 Rad8 18. b4 Qd6+ 19. Kh1 Nxc1 0-1

[Event "GER-ch Youth-U12 2024"]
[Site "Willingen"]
[Date "2024.05.22"]
[Round "5"]
[White "Meijers, Janis"]
[Black "Doeding, Alexander"]
[Result "1-0"]
[ECO "D20"]
[WhiteElo "1787"]
[BlackElo "1633"]
[Annotator "NA"]
[PlyCount "49"]
[EventDate "2022.06.05"]
[EventType "swiss"]
[EventRounds "9"]
[EventCountry "GER"]
[SourceTitle "playchess.com"]
[Source "ChessBase"]
[SourceQuality "1"]
[TimeControl "40/4500+30:900+30"]

1. d4 d5 2. c4 dxc4 3. e3 e6 4. Bxc4 a6 5. Nc3 b5 6. Bd3 Bb7 7. Nf3 Nd7 8. O-O c5 9. Be4 Qb6 10. a3 Ngf6 11. Bxb7 Qxb7 12. dxc5 Bxc5 13. b4 Ba7 14. Bb2 O-O 15. e4 Nb6 16. e5 Nfd5 17. Qd3 Nxc3 18. Bxc3 h6 19. Nd2 Nd5 20. Bb2 Rfd8 21. Qf3 Rac8 22. Ne4 Ne7 23. Nf6+ gxf6 24. Qxb7 Nc6 25. Rac1 1-0

[Event "GER-ch Youth-U12 2024"]
[Site "Willingen"]
[Date "2024.05.22"]
[Round "5"]
[White "Noll, Raphael"]
[Black "Grabowski, Joshua"]
[Result "1-0"]
[ECO "C13"]
[WhiteElo "1775"]
[BlackElo "1532"]
[Annotator "NA RC"]
[PlyCount "101"]
[EventDate "2022.06.05"]
[EventType "swiss"]
[EventRounds "9"]
[EventCountry "GER"]
[SourceTitle "playchess.com"]
[Source "ChessBase"]
[SourceQuality "1"]
[TimeControl "40/4500+30:900+30"]

1. e4 e6 2. d4 d5 3. Nc3 Nf6 4. Bg5 dxe4 5. Nxe4 Be7 6. Nxf6+ Bxf6 7. Bxf6 Qxf6 8. Nf3 Nc6 9. Bb5 Bd7 10. O-O O-O 11. c3 Rad8 12. Qc2 a6 13. Bd3 h6 14. Rad1 Rfe8 15. Be4 b5 16. Rd2 e5 17. Bxc6 Bxc6 18. Nxe5 Bxg2 19. Kxg2 Qg5+ 20. Kh1 Rxe5 21. f4 Rf5 22. fxg5 Rxf1+ 23. Kg2 Re1 24. Re2 Re8 25. Rxe8+ Rxe8 26. Kf2 hxg5 27. Qf5 Re6 28. Qc5 c6 29. Qb6 Rh6 30. Kg3 g4 31. Qxa6 Rh3+ 32. Kg2 Rh6 33. c4 bxc4 34. Qxc4 Kf8 35. a4 Ke8 36. a5 Kd7 37. a6 c5 38. a7 Rh8 39. Qd5+ Kc7 40. a8=Q Rxa8 41. Qxa8 g3 42. dxc5 gxh2 43. Qe8 g5 44. b4 f5 45. b5 f4 46. Kxh2 g4 47. Qc6+ Kb8 48. b6 g3+ 49. Kh3 g2 50. Qc7+ Ka8 51. Qa7# 1-0

[Event "GER-ch Youth-U12 2024"]
[Site "Willingen"]
[Date "2024.05.22"]
[Round "5"]
[White "Zimmer, Tim"]
[Black "Moskalenko, Michael"]
[Result "1-0"]
[ECO "B33"]
[WhiteElo "1772"]
[BlackElo "1574"]
[Annotator "NA RC"]
[PlyCount "65"]
[EventDate "2022.06.05"]
[EventType "swiss"]
[EventRounds "9"]
[EventCountry "GER"]
[SourceTitle "playchess.com"]
[Source "ChessBase"]
[SourceQuality "1"]
[TimeControl "40/4500+30:900+30"]

1. e4 c5 2. Nf3 Nc6 3. d4 cxd4 4. Nxd4 e5 5. Nb5 d6 6. N1c3 a6 7. Na3 b5 8. Nd5 Nf6 9. Be3 Rb8 10. f3 Be7 11. Bd3 Be6 12. Nxf6+ Bxf6 13. O-O O-O 14. c3 Bh4 15. Nc2 f5 16. exf5 Bxf5 17. Bxf5 Rxf5 18. Qd5+ Kh8 19. Qxc6 Qf6 20. Rad1 Rd8 21. Bb6 Rf8 22. Qxd6 Qg5 23. Be3 Qh5 24. g4 Qe8 25. gxf5 Rxf5 26. Kh1 Rh5 27. Qd7 Qf8 28. Qg4 Qe8 29. Rd7 Bf6 30. Rg1 g6 31. Rgd1 Rh4 32. Qg3 e4 33. Bg5 1-0

[Event "GER-ch Youth-U12 2024"]
[Site "Willingen"]
[Date "2024.05.22"]
[Round "5"]
[White "Fadeev, Justin Michael"]
[Black "Vu Hoang Bach"]
[Result "1-0"]
[ECO "B01"]
[WhiteElo "1762"]
[BlackElo "1677"]
[Annotator "NA RC"]
[PlyCount "99"]
[EventDate "2022.06.05"]
[EventType "swiss"]
[EventRounds "9"]
[EventCountry "GER"]
[SourceTitle "playchess.com"]
[Source "ChessBase"]
[SourceQuality "1"]
[TimeControl "40/4500+30:900+30"]

1. e4 d5 2. exd5 Qxd5 3. Nc3 Qd6 4. d4 Nf6 5. Nf3 Nc6 6. Nb5 Qd8 7. d5 Nb4 8. c4 e6 9. a3 Na6 10. Qa4 c6 11. dxc6 bxc6 12. Nc3 Nc5 13. Qc2 Qc7 14. Be2 Be7 15. O-O O-O 16. Be3 e5 17. h3 g6 18. Bxc5 Bxc5 19. Bd3 Nh5 20. Rfe1 Bd4 21. c5 Nf4 22. Nxd4 exd4 23. Ne4 Qd8 24. Qd2 Qh4 25. g3 Nxh3+ 26. Kg2 Qd8 27. Rh1 f5 28. Bc4+ Kh8 29. Nd6 Ng5 30. Qxd4+ Qf6 31. Qh4 Kg7 32. Qh6+ Kh8 33. Nf7+ Rxf7 34. Bxf7 Ba6 35. Qxg6 Qxg6 36. Bxg6 Bd3 37. Bh5 Rb8 38. b4 a5 39. Rad1 Be4+ 40. f3 Bd5 41. Rh4 axb4 42. Rxb4 Ra8 43. Rd3 Ne6 44. Rc3 Kg7 45. Rb7+ Kf6 46. Bf7 Nf4+ 47. gxf4 Bxf7 48. Rd7 Ra6 49. Rd6+ Kg7 50. Re3 1-0

[Event "GER-ch Youth-U12 2024"]
[Site "Willingen"]
[Date "2024.05.22"]
[Round "5"]
[White "Rau, Eduard"]
[Black "Heins, Simon"]
[Result "1-0"]
[ECO "B51"]
[WhiteElo "1756"]
[BlackElo "1626"]
[Annotator "NA RC"]
[PlyCount "61"]
[EventDate "2022.06.05"]
[EventType "swiss"]
[EventRounds "9"]
[EventCountry "GER"]
[SourceTitle "playchess.com"]
[Source "ChessBase"]
[SourceQuality "1"]
[TimeControl "40/4500+30:900+30"]

1. e4 c5 2. Nf3 Nc6 3. Bb5 d6 4. O-O Nf6 5. Re1 Bg4 6. c3 Qb6 7. Ba4 e5 8. d3 Be7 9. h3 Bh5 10. Nbd2 h6 11. Nf1 g5 12. Ng3 Bg6 13. Be3 O-O-O 14. b4 Qc7 15. Rb1 cxb4 16. cxb4 d5 17. b5 b6 18. Rc1 Rd6 19. Nxe5 Nxe5 20. Rxc7+ Kxc7 21. Qc2+ Kd7 22. Qc3 d4 23. Bxd4 Rc8 24. Qa1 Nxd3 25. e5 Nxe1 26. exd6 Nd3 27. dxe7 Rc1+ 28. Qxc1 Nxc1 29. Bxf6 Nxa2 30. Bb3 Nb4 31. Nf5 1-0